AoeStats
← Anton Horvarth

Golden Pit

510071625Analyzed
1v1 RM · 3d ago on Sep 29, 2026· 39m 34s· 2 players
Game mode
Random Map
Map size
Tiny (2 player)
Population
200
Speed
Normal
Resources
Standard
Victory
Conquest
Starting age
Dark Age
Ending age
Imperial Age
RankedLock teamsTeams togetherTeam positionsShared explorationLock speedFull tech treeHidden civsTurbo modeCheats
Victory
Defeat
🇨🇱 Spanish · Chile
915
+17
🇩🇪 Teutons · Germany
931
-17
Wiselessons
5:30 Loom
10:22 Feudal Age
10:53 Double-Bit Axe
19:45 Castle Age
20:02 Bloodlines
21:39 Forging
22:19 Husbandry
22:38 Bow Saw
24:58 Scale Barding Armor
26:25 Sanctity
28:19 Chain Barding Armor
30:16 Horse Collar
31:30 Iron Casting
35:01 Imperial Age
32:50 Fletching
33:24 Redemption
35:57 Murder Holes
38:26 Chemistry
38:18 Bodkin Arrow
40:19 Ballistics
Anton Horvarth
12:10 Feudal Age
15:43 Loom
18:49 Castle Age
17:30 Gold Mining
17:27 Double-Bit Axe
17:24 Horse Collar
17:55 Scale Barding Armor
18:31 Forging
18:25 Stone Mining
25:46 Wheelbarrow
25:16 Squires
24:37 Pikeman
25:19 Scale Mail Armor
27:42 Bloodlines
27:25 Gambesons
31:04 Fletching
31:02 Town Watch
37:08 Bodkin Arrow
39:55 Imperial Age
39:27 Ironclad
Connection lost

Rejoining the realm…

Still unreachable

The connection could not be restored.

Session expired

The server has moved on; the page needs a fresh start.